 Dungeon Crawl Stone Soup version 0.27.0-1-g7a089689b8 (webtiles) character file.

Game seed: 1413275549622637818

19785 RedPan the Black Sun (level 12, -46/91 HPs)
             Began as a Demonspawn Ice Elementalist on Aug 2, 2021.
             Was a High Priest of Kikubaaqudgha.
             Annihilated by a very large slime creature (55 damage)
             ... on level 12 of the Dungeon.
             The game lasted 00:41:00 (15269 turns).

RedPan the Black Sun (Demonspawn Ice Elementalist) Turns: 15269, Time: 00:41:04

Health: -46/91     AC: 22    Str: 10    XL:     12   Next: 39%
Magic:  16/23      EV: 20    Int: 21    God:    Kikubaaqudgha [*****.]
Gold:   938        SH:  4    Dex: 13    Spells: 7/26 levels left

rFire    . . .     SeeInvis .   r - +2 dagger (elec)
rCold    . . .     Faith    .   (no shield)
rNeg     . . .     Spirit   .   o - +2 robe {Will+}
rPois    .         Reflect  .   x - +0 helmet
rElec    .         Harm     .   (no cloak)
rCorr    .         Rampage  .   (no gloves)
Will     +....                  k - +2 pair of boots {Stlth+}
Stlth    +++.......             (no amulet)
HPRegen  0.25/turn              u - +4 ring of evasion
MPRegen  0.18/turn              (no ring)

@: ice-armoured, freezing walls
A: talons 2, icy blue scales 2, icemail 1, condensation shield
a: Renounce Religion, Receive Corpses, Torment


You were on level 12 of the Dungeon.
You worshipped Kikubaaqudgha.
Kikubaaqudgha was extremely pleased with you.
You visited 1 branch of the dungeon, and saw 12 of its levels.

You collected 938 gold pieces.

Inventory:

Hand Weapons
 d - a +2 spectral dagger
 r - a +2 dagger of electrocution (weapon)
Missiles
 f - 3 throwing nets
Armour
 k - a +2 pair of boots of stealth (worn)
 o - a +2 robe of willpower (worn)
 x - a +0 helmet (worn)
 J - the +3 leather armour of Truth {Drain rC+ Slay+5}
   (You found it on level 11 of the Dungeon)

   Slay:      It affects your accuracy & damage with ranged weapons and melee
   (+5).
   rC:        It protects you from cold.
   Drain:     It drains your maximum health when unequipped.
Jewellery
 u - a +4 ring of evasion (left hand)
 z - a ring of resist corrosion
 F - an amulet of guardian spirit
Wands
 a - a wand of digging (8)
 m - a wand of flame (51)
 t - a wand of charming (8)
 A - a wand of paralysis (6)
 C - a wand of acid (7)
 D - a wand of polymorph (15)
 E - a wand of iceblast (7)
Scrolls
 b - a scroll of silence
 c - 5 scrolls of enchant weapon
 l - a scroll of teleportation
 v - 2 scrolls of amnesia
 w - 3 scrolls of fear
 B - 3 scrolls of blinking
Potions
 e - a potion of resistance
 g - 2 potions of attraction
 h - a potion of lignification
 i - a potion of haste
 j - a potion of flight
 n - a potion of mutation
 p - a potion of berserk rage
 q - a potion of might
 s - 2 potions of ambrosia
 I - 2 potions of curing


   Skills:
 - Level 7.0 Fighting
 + Level 6.6 Short Blades
 + Level 9.1 Dodging
 - Level 2.0 Stealth
 + Level 7.6 Spellcasting
 - Level 5.2 Conjurations
 + Level 9.3 Necromancy
 - Level 6.0 Ice Magic
 - Level 6.0 Earth Magic


You had 7 spell levels left.
You knew the following spells:

 Your Spells              Type           Power      Damage    Failure   Level
a - Freeze                Ice            100%       1d11      1%          1
b - Frozen Ramparts       Ice            66%        1d8       1%          3
c - Ozocubu's Armour      Ice            33%        N/A       1%          3
d - Animate Skeleton      Necr           94%        N/A       1%          1
e - Hailstorm             Conj/Ice       31%        3d8       9%          4
f - Borgnjor's Vile Clut  Necr/Erth      20%        N/A       10%         5
g - Passwall              Tmut/Erth      16%        N/A       3%          2

Your spell library contained the following spells:

 Spells                   Type           Power      Damage    Failure   Level
 Pain                     Necr           100%       1d9       1%          1
 Sandblast                Erth           66%        2d15      1%          1
 Sublimation of Blood     Necr           23%        N/A       1%          2
 Vampiric Draining        Necr           23%        2d9       1%          3
 Animate Dead             Necr           23%        N/A       1%          4
 Dispel Undead            Necr           47%        3d18      1%          4
 Foxfire                  Conj/Fire      76%        2x1d7     2%          1
 Agony                    Necr           47%        N/A       4%          5
 Excruciating Wounds      Necr           23%        N/A       4%          5
 Conjure Flame            Conj/Fire      19%        6-21      9%          3
 Blink                    Tloc           N/A        N/A       13%         2
 Lee's Rapid Deconstruct  Erth           16%        3d11*     21%         5
 Leda's Liquefaction      Hex/Erth       10%        N/A       24%         4
 Call Canine Familiar     Summ           8%         N/A       26%         3
 Inner Flame              Hex/Fire       8%         N/A       26%         3
 Portal Projectile        Hex/Tloc       16%        N/A       26%         3
 Swiftness                Air            8%         N/A       26%         3
 Death Channel            Necr           23%        N/A       26%         6
 Cause Fear               Hex            4%         N/A       63%         4
 Manifold Assault         Tloc           8%         N/A       93%         5
 Invisibility             Hex            4%         N/A       100%        6
 Storm Form               Tmut/Air       4%         N/A       100%        7
 Discord                  Hex            4%         N/A       100%        8


Dungeon Overview and Level Annotations

Branches:
Dungeon (12/15)            Temple (0/1) D:5            Lair (0/6) D:8
    Orc (0/2) D:11

Altars:
Ashenzari
Cheibriados
Elyvilon
Kikubaaqudgha
Makhleb
Okawaru
Qazlal
Sif Muna
Trog
Uskayaw
Wu Jian
Xom
Yredelemnul
Beogh

Shops:
D:4 *

Portals:
Trove: D:11 (give +3 shadow dragon scales)


Innate Abilities, Weirdness & Mutations

You have razor-sharp toenails.
You are mostly covered in icy blue scales. (AC +3)
A meltable icy envelope protects you from harm. (AC +4)
A meltable shield of frost defends you. (SH +4)


Message History

You hit the very large slime creature.
The very large slime creature is moderately wounded.
The wall freezes the very large slime creature!
The very large slime creature hits you!!!
Ouch! That really hurt!
You hear an angry buzzing noise. x2
You hit the very large slime creature.
The very large slime creature is heavily wounded.
You barely miss the very large slime creature.
The very large slime creature is heavily wounded.
The wall freezes the very large slime creature.
The very large slime creature completely misses you.
You hit the very large slime creature.
The very large slime creature is heavily wounded.
The wall freezes the very large slime creature!
The very large slime creature completely misses you.
You hit the very large slime creature.
Lightning courses through the very large slime creature!!
The very large slime creature is severely wounded.
The frozen ramparts melt away.
Casting: Ozocubu's Armour (safe; 1% risk of failure)
Confirm with . or Enter, or press ? or * to list all spells.
Casting: Frozen Ramparts (safe; 1% risk of failure)
Press: ? - help, Dir - look around, f - activate The walls around you are covered in ice.
The wall freezes the very large slime creature.
The very large slime creature completely misses you.
You hit the very large slime creature.
The very large slime creature is severely wounded.
The wall freezes the very large slime creature.
The very large slime creature hits you!!!
* * * LOW HITPOINT WARNING * * *
You hear an angry buzzing noise.
You feel better.
You hear a shout!
The wall freezes the very large slime creature!
The very large slime creature hits you!!!
Ouch! That really hurt!
You die...
Kikubaaqudgha rasps: "You have failed me!
Welcome... death!"

.(.#.###.## ....#
#.####.##.##.
...)..≈..##.##..### .#
.# #####♣≈≈###.##....
.# # ♣≈≈≈P........# .#
#♣≈≈P≈..##....# .#
♣≈P≈P♣...#....# ##.#
#♣≈≈P≈≈...#....###...#
#≈≈≈≈≈≈...≈.......}...
###≈≈≈≈≈....≈♣.#@#.#...
..≈≈≈≈≈≈...≈≈≈♣#J#.#
#≈P≈≈≈≈≈≈...≈≈♣#.#.#
#♣≈≈≈≈≈≈....≈≈♣♣...#
♣♣≈≈≈P♣≈..≈≈♣♣♣...#
♣P≈≈≈≈≈...P≈≈♣♣...#
#PP≈≈P≈≈...PP≈♣♣....
#♣≈≈≈≈P≈..(≈≈≈♣♣>..##
##♣♣≈≈≈P..≈≈≈♣♣....#


You could see a very large slime creature.

Vanquished Creatures
  Snorg (D:11)
  A boulder beetle (D:12)
  2 hydras (D:11)
  2 two-headed ogres
  An orc knight (D:11)
  A cyclops (D:11)
  An ugly thing (D:12)
  The ghost of fram the Chopper, a novice FoBe of Trog (D:5)
  2 gargoyles
  A kobold demonologist (D:10)
  Maggie (D:7)
  Psyche (D:9)
  A hornet (D:9)
  3 trolls
  Prince Ribbit (D:8)
  2 shadows
  29 yaks
  2 water elementals (D:12)
  2 wraiths
  2 vampires (D:12)
  A human (D:11)
  2 hogs (D:11)
  2 vampire mosquitoes (D:11)
  Edmund (D:4)
  3 water moccasins (D:6)
  2 acid dragons (D:11)
  An ice beast (D:7)
  2 black bears
  Duvessa (D:5)
  7 orc warriors
  An ogre (D:5)
  8 centaurs
  4 kobold brigands
  A phantom (D:7)
  5 bullfrogs
  A scorpion (D:6)
  Dowan (D:5)
  2 water moccasin zombies (D:7)
  A water moccasin skeleton (D:4)
  7 killer bees
  2 howler monkeys
  7 wights (D:8)
  A bullfrog zombie (D:6)
  3 hounds
  A centaur skeleton (D:7)
  5 centaur zombies
  5 orc priests
  A jelly (D:8)
  10 orc wizards
  A scorpion zombie (D:5)
  An iguana (D:5)
  A howler monkey zombie (D:6)
  9 gnolls
  A howler monkey skeleton (D:6)
  8 adders
  A river rat (D:6)
  A shadow imp (D:6)
  A white imp (D:5)
  An ufetubus (D:7)
  An adder skeleton (D:4)
  3 worms
  2 dart slugs
  49 orcs
  5 ball pythons
  4 endoplasms
  3 giant cockroaches
  9 goblins
  2 hobgoblins (D:2)
  11 jackals
  31 kobolds
  2 quokkas
  7 bats
  2 frilled lizards
  6 rats
307 creatures vanquished.

Vanquished Creatures (collateral kills)
  2 gnolls (D:6)
2 creatures vanquished.

Vanquished Creatures (others)
  5 plants (D:12)
5 creatures vanquished.

Grand Total: 314 creatures vanquished

Notes
Turn   | Place    | Note
-------+----------+-------------------------------------------
     0 | D:1      | RedPan the Demonspawn Ice Elementalist began the quest for
                  | the Orb.
     0 | D:1      | Reached XP level 1. HP: 13/13 MP: 3/3
   202 | D:1      | Gained mutation: A meltable shield of frost defends you.
                  | (SH +4) [demonic ancestry]
   202 | D:1      | Reached XP level 2. HP: 19/19 MP: 3/5
  1127 | D:1      | Gained mutation: A meltable icy envelope protects you from
                  | harm. (AC +4) [demonic ancestry]
  1127 | D:1      | Reached XP level 3. HP: 24/24 MP: 6/6
  1903 | D:2      | Learned a level 3 spell: Frozen Ramparts
  1907 | D:2      | Learned a level 3 spell: Ozocubu's Armour
  2489 | D:3      | Gained mutation: You are partially covered in icy blue
                  | scales. (AC +2) [demonic ancestry]
  2489 | D:3      | Reached XP level 4. HP: 30/30 MP: 8/8
  2715 | D:3      | Gained mutation: You have sharp toenails. [demonic
                  | ancestry]
  2715 | D:3      | Reached XP level 5. HP: 35/35 MP: 3/10
  3115 | D:3      | Found an ancient bone altar of Kikubaaqudgha.
  3125 | D:3      | Became a worshipper of Kikubaaqudgha
  3128 | D:3      | Found a broken altar of Ashenzari.
  3267 | D:4      | Reached skill level 5 in Ice Magic
  3453 | D:4      | Noticed Edmund
  3464 | D:4      | Killed Edmund
  3465 | D:4      | Reached skill level 1 in Necromancy
  3465 | D:4      | Reached XP level 6. HP: 35/41 MP: 2/12
  3822 | D:4      | Found Ekojaquc's Mass Market.
  3909 | D:4      | Found a burning altar of Makhleb.
  4423 | D:5      | Entered Level 5 of the Dungeon
  4429 | D:5      | Reached XP level 7. HP: 44/46 MP: 14/14
  4517 | D:5      | Found a runed translucent gate.
  4518 | D:5      | Found a runed translucent gate.
  4518 | D:5      | Noticed fram's ghost (novice FoBe)
  4519 | D:5      | Found a runed translucent gate.
  4627 | D:5      | Reached skill level 5 in Spellcasting
  4771 | D:5      | Noticed Duvessa
  4771 | D:5      | Noticed Dowan
  4800 | D:5      | Killed Duvessa
  4801 | D:5      | Reached skill level 1 in Fighting
  4802 | D:5      | Killed Dowan
  4803 | D:5      | Reached skill level 1 in Conjurations
  4859 | D:5      | Found a staircase to the Ecumenical Temple.
  4936 | D:5      | Reached * piety under Kikubaaqudgha
  4936 | D:5      | Received a gift from Kikubaaqudgha
  4941 | D:5      | Learned a level 1 spell: Animate Skeleton
  5170 | D:5      | Killed fram's ghost
  5171 | D:5      | Gained mutation: You are mostly covered in icy blue scales.
                  | (AC +3) [demonic ancestry]
  5171 | D:5      | Reached XP level 8. HP: 43/57 MP: 6/15
  5324 | D:6      | Reached skill level 5 in Necromancy
  6009 | D:6      | Found a hide-covered altar of Uskayaw.
  6052 | D:6      | Gained mutation: You have razor-sharp toenails. [demonic
                  | ancestry]
  6052 | D:6      | Reached XP level 9. HP: 49/65 MP: 12/16
  6419 | D:6      | Reached ** piety under Kikubaaqudgha
  6429 | D:6      | Learned a level 4 spell: Hailstorm
  7286 | D:7      | Noticed a troll
  7299 | D:7      | Killed a troll
  7300 | D:7      | Reached skill level 5 in Dodging
  7386 | D:7      | Reached skill level 5 in Fighting
  7559 | D:7      | Noticed Maggie
  7576 | D:7      | Killed Maggie
  7577 | D:7      | Reached skill level 5 in Conjurations
  7890 | D:8      | Found a staircase to the Lair.
  8079 | D:8      | Reached skill level 1 in Short Blades
  8245 | D:8      | Noticed Prince Ribbit
  8259 | D:8      | Killed Prince Ribbit
  8260 | D:8      | Reached XP level 10. HP: 76/76 MP: 8/18
  8534 | D:8      | Reached *** piety under Kikubaaqudgha
  8534 | D:8      | Received a gift from Kikubaaqudgha
  8544 | D:8      | Learned a level 5 spell: Borgnjor's Vile Clutch
  9276 | D:9      | Reached skill level 1 in Earth Magic
  9617 | D:9      | Paralysed by a hornet for 3 turns
  9621 | D:9      | Noticed a two-headed ogre
  9860 | D:9      | Noticed Psyche
  9865 | D:9      | Killed Psyche
  9943 | D:9      | Killed a two-headed ogre
 10428 | D:10     | Entered Level 10 of the Dungeon
 10474 | D:10     | Found a shimmering altar of Xom.
 10475 | D:10     | Found a basalt altar of Yredelemnul.
 10477 | D:10     | Found a snail-covered altar of Cheibriados.
 10512 | D:10     | Reached **** piety under Kikubaaqudgha
 10571 | D:10     | Reached XP level 11. HP: 75/81 MP: 8/20
 10729 | D:10     | Found an iron altar of Okawaru.
 10866 | D:10     | Reached skill level 5 in Earth Magic
 11062 | D:10     | Found a stormy altar of Qazlal.
 11360 | D:10     | Found a shimmering blue altar of Sif Muna.
 11363 | D:10     | Found a bloodstained altar of Trog.
 11366 | D:10     | Found an ornate altar of the Wu Jian Council.
 11600 | D:11     | Found a staircase to the Orcish Mines.
 12025 | D:11     | Reached skill level 5 in Short Blades
 12175 | D:11     | Identified the +3 leather armour of Truth {Drain rC+
                  | Slay+5}
 12228 | D:11     | Noticed a two-headed ogre
 12241 | D:11     | Killed a two-headed ogre
 12350 | D:11     | Noticed Snorg
 12373 | D:11     | Killed Snorg
 12693 | D:11     | Found a portal to a secret trove of treasure.
 12975 | D:11     | Noticed a seven-headed hydra
 12984 | D:11     | Killed a seven-headed hydra
 13030 | D:11     | Learned a level 2 spell: Passwall
 13366 | D:11     | Noticed an orc knight
 13375 | D:11     | Killed an orc knight
 13376 | D:11     | Reached XP level 12. HP: 89/89 MP: 9/22
 13527 | D:11     | Noticed an eight-headed hydra
 13534 | D:11     | Killed an eight-headed hydra
 14385 | D:12     | Noticed a boulder beetle
 14411 | D:12     | Reached ***** piety under Kikubaaqudgha
 14763 | D:12     | Killed a boulder beetle
 15268 | D:12     | HP: 1/91 [very large slime creature (36)]
 15269 | D:12     | Annihilated by a very large slime creature

Illustrated notes

Levels and vault maps discovered:
D:1:      doesnt_arrival_eight_statues, layout_basic
D:2:      layout_loops_ring
D:3:      layout_basic, mainiacjoe_overflow_large_starburst,
          nrook_mini_backslash
D:4:      layout_basic, bloody_makhleb, minmay_shop_mass, grunt_decor_cap,
          uniq_edmund
D:5:      layout_cave_pools, minmay_temple_entry_waves,
          gammafunk_ghost_nasty_kobolds, uniq_duvessa
D:6:      layout_basic, mainiacjoe_overflow_brackets, portal_sewer_entry_e,
          grunt_ministairs_10
D:7:      layout_basic, uniq_maggie
D:8:      layout_cave_pods, lair_entry_dummy, kennysheep_generic_room_11,
          uniq_prince_ribbit1
D:9:      layout_loops_ring, elyvilon_altar_3, special_room [special_room_orc],
          uniq_psyche
D:10:     layout_long_grid, nicolae_overflow_crystal_walls,
          mainiacjoe_overflow_24_doors,
          chequers_temple_overflow_statue_of_worship,
          grunt_temple_overflow_diamond
D:11:     layout_long_grid, david_orc_3, enter_trove_6, grunt_livestock,
          wad_mini_maze, uniq_snorg
D:12:     layout_loops_ring, serial_bayou_ford_a

Skill      XL: |  1  2  3  4  5  6  7  8  9 10 11 12 |
---------------+-------------------------------------+-----
Stealth        | 2 |  2.0
Dodging        | 2 3 4 5 6 8 9 |  9.1
Ice Magic      | 4 5 6 |  6.0
Spellcasting   | 3 4 5 6 7 |  7.6
Necromancy     | 1 2 4 5 7 8 9 |  9.3
Fighting       | 2 4 5 6 7 |  7.0
Conjurations   | 2 3 5 |  5.2
Short Blades   | 1 4 5 6 |  6.6
Earth Magic    | 4 6 |  6.0

Action                   |  1- 3 |  4- 6 |  7- 9 | 10-12 || total
-------------------------+-------+-------+-------+-------++-------
Melee: Dagger            |   102 |   101 |   259 |   356 ||   818
       Kick              |       |     5 |       |       ||     5
 Cast: Freeze            |    15 |     2 |       |       ||    17
       Frozen Ramparts   |       |     7 |    22 |    53 ||    82
       Ozocubu's Armour  |       |     2 |    10 |    26 ||    38
       Animate Skeleton  |       |       |    12 |     4 ||    16
       Hailstorm         |       |       |     1 |       ||     1
       Borgnjor's Vile C |       |       |       |    29 ||    29
Invok: Receive Corpses   |       |       |     1 |       ||     1
Evoke: Wand              |       |       |       |     1 ||     1
  Use: Scroll            |     7 |     5 |     9 |     4 ||    25
       Potion            |       |       |     1 |     6 ||     7
 Stab: Sleeping          |     4 |     4 |     8 |     3 ||    19
       Distracted        |       |       |     1 |       ||     1
Armor: Robe              |    24 |    43 |    66 |   118 ||   251
Dodge: Dodged            |    69 |    65 |   205 |   308 ||   647
Block: Other             |    12 |    17 |    47 |    58 ||   134
